 Dungeon Crawl Stone Soup version 0.22-a0-538-g76cc104 (webtiles) character file.

0 Amnesiac the Ducker (level 1, -3/11 HPs)
             Began as a Spriggan Abyssal Knight on June 23, 2018.
             Was a Follower of Lugonu.
             Killed from afar by a raiju (10 damage)
             ... with a living lightning
             ... on level 2 of the Abyss.
             The game lasted 00:00:49 (148 turns).

Amnesiac the Ducker (Spriggan Abyssal Knight)        Turns: 148, Time: 00:00:50

Health: -3/11      AC:  3    Str:  8    XL:     1   Next: 0%
Magic:  3/3        EV: 18    Int: 13    God:    Lugonu [*.....]
Gold:   25         SH:  0    Dex: 15    Spells: 0/0 levels left

rFire    . . .     SeeInvis +   a - +1 short sword
rCold    . . .     Gourm    .   (shield restricted)
rNeg     . . .     Faith    .   b - +1 robe
rPois    .         Spirit   .   (helmet restricted)
rElec    .         Reflect  .   (no cloak)
rCorr    .         Harm     .   (gloves unavailable)
MR       .....                  (boots unavailable)
Stlth    +.........             (no amulet)
HPRegen  0.03/turn              (no ring)
MPRegen  0.08/turn              (no ring)

@: very quick
A: very small, unfitting armour, see invisible, herbivore, speed 3, slow
metabolism 2
a: Depart the Abyss, Renounce Religion


You were on level 2 of the Abyss.
You worshipped Lugonu.
Lugonu was aware of your devotion.
You were not hungry.

You visited 0 branches of the dungeon, and saw 0 of its levels.
You visited the Abyss 1 time.

You collected 25 gold pieces.

Inventory:

Hand Weapons
 a - a +1 short sword (weapon)
Armour
 b - a +1 robe (worn)
Potions
 e - a potion of curing {!q, unknown}
Comestibles
 c - a ration


   Skills:
 - Level 2.4 Fighting
 - Level 2.1 Short Blades
 - Level 3.5 Dodging
 + Level 0.0 Stealth
 - Level 1.7 Invocations


You couldn't memorise any spells.
You didn't know any spells.
Your spell library was empty.

Dungeon Overview and Level Annotations

Branches:
Dungeon (0/15)

Altars:


Innate Abilities, Weirdness & Mutations

You are very small and have problems with some larger weapons.
You are too small for most types of armour.
You have supernaturally acute eyesight. (SInv)
You are a herbivore.
You cover ground extremely quickly.
You need to consume almost no food.


Message History

Welcome, Amnesiac the Spriggan Abyssal Knight.
Will you be the one to retrieve the fabulous Orb of Zot from the depths?
Lugonu says: Depart the Abyss and spread corruption, my servant! (use the ability menu to exit the Abyss) Press ? for a list of commands and other information.
Found a corrupted altar of Lugonu.
Found a gateway leading out of the Abyss.
Found a gateway leading out of the Abyss.
Found a gateway leading deeper into the Abyss.
There is a gateway leading deeper into the Abyss here.
You plunge deeper into the Abyss.
Found a scroll labeled ELOUGY NATA and a murky inky potion.
You see here a runed helmet.
d - a scroll labeled ELOUGY NATA {!r} You see here a runed helmet.
Found a corrupted altar of Lugonu.
e - a murky inky potion {!q} Really read
d - a scroll labeled ELOUGY NATA {!r}?
As you read the scroll labeled ELOUGY NATA {!r}, it crumbles to dust.
You feel strangely unstable.
You feel the power of the Abyss delaying your translocation!
It was a scroll of teleportation {!r}.
You start waiting.
You are suddenly pulled into a different region of the Abyss!
You now have 25 gold pieces.
A catoblepas zombie materialises.
A catoblepas zombie is nearby!
A ynoxinul comes into view.
The ynoxinul bellows!
The ynoxinul gestures.
Unknown command.
A large abomination comes into view.
The ynoxinul gestures.
Found a scroll labeled XAOFIKK YNABUPT.
d - a scroll labeled XAOFIKK YNABUPT {!r} A raiju comes into view.
The raiju barks!
Really read
d - a scroll labeled XAOFIKK YNABUPT {!r}?
As you read the scroll labeled XAOFIKK YNABUPT {!r}, it crumbles to dust.
It is a scroll of enchant armour.
Your +0 robe glows green for a moment.
The raiju completely misses you.
The raiju bursts into living lightning!
The living lightning misses you.
The raiju blinks!
A lurking horror comes into view.
The lurking horror explodes!
Your body is wracked with pain!
Unknown command.
The raiju bursts into living lightning!
The living lightning hits you!
Ouch! That really hurt!
You die...

. #. ###.# #
######## #.. .#.#
#.#.#..##.......#
#..###.. ......#.
##.##.## ..#.....
#####h5.####. ...
##.#...### #. #.
.. #..@.3..5#.. .
.##..
###..#..#..#..#.
.. ###..##.... #.
.# ..# ##.. ..#..
#.#.#...# ....#
.# ##. #.#.# .#
.## #.....###. #
. .. # . . #...3
# ...


You could see a raiju, a ynoxinul and 2 ufetubi.

Vanquished Creatures (others)
  A lurking horror (Abyss:2)
1 creature vanquished.

Notes
Turn   | Place    | Note
-------+----------+-------------------------------------------
     0 | Abyss:1  | Amnesiac the Spriggan Abyssal Knight began the quest for the Orb.
     0 | Abyss:1  | Reached XP level 1. HP: 11/11 MP: 3/3
    28 | Abyss:2  | Found a corrupted altar of Lugonu.
    69 | Abyss:2  | Noticed a catoblepas zombie
    88 | Abyss:2  | Noticed a ynoxinul
   103 | Abyss:2  | Noticed a large abomination
   118 | Abyss:2  | Noticed a raiju
   148 | Abyss:2  | Killed from afar by a raiju

Vault maps used:

Action                   || total
-------------------------++-------
  Use: Scroll            ||     2
Dodge: Dodged            ||     2

Table legend:
 A = Spawn XP
 B = Non-spawn XP
 C = Spawn XP percentage of total XP
 D = Spawn monster count
 E = Non-spawn monster count
 F = Spawn count percentage of total count
 G = Total turns spent on level
                    A         B        C        D         E        F      G
               +---------+---------+-------+---------+---------+-------+---------
         Total |       0 |       0 |   N/A |       0 |       0 |   N/A |   148
               +---------+---------+-------+---------+---------+-------+---------
               +---------+---------+-------+---------+---------+-------+---------
